Map: [ESL] Data-C

Players

NightMare

  • Race: Protoss Protoss
  • Spawn Location: 3:00

Astrea - Winner!

  • Race: Protoss Protoss
  • Spawn Location: 9:00

Event: DreamHack SC2 Masters 2022 Valencia

VOD

Have the link to the VOD?

Description

Time

  • Played on: July 1, 2022, 3:18 p.m.
  • Length: 15:09

All games in this series

Show
View Real Time Build Order
Export as new Build Order

NightMare Protoss 

Build Orders: Blink Stalkers 

Get SALT Encoding   

  12  0:00  Probe  
  13  0:12  Probe  
  14  0:19  Pylon  
  14  0:24  Probe  
  15  0:37  Probe (Chrono Boost)  
  15  0:38  Gateway  
  16  0:46  Probe (Chrono Boost)  
  16  0:48  Assimilator  
  17  0:51  Probe (Chrono Boost)  
  18  0:58  Assimilator  
  18  1:03  Probe (Chrono Boost)  
  19  1:13  Probe (Chrono Boost)  
  19  1:15  Gateway  
  19  1:18  Probe (Chrono Boost)  
  21  1:27  Cybernetics Core  
  21  1:30  Probe  
  22  1:39  Pylon  
  22  1:42  Probe  
  23  1:57  Probe  
  24  2:03  Warp Gate (Chrono Boost)  
  24  2:06  Stalker x2  
  28  2:27  Pylon  
  28  2:38  Nexus  
  28  2:50  Twilight Council  
  27  2:52  Probe  
  28  3:00  Sentry  
  28  3:01  Stalker  
  33  3:05  Probe  
  33  3:17  Probe  
  33  3:18  Blink (Chrono Boost)  
  34  3:29  Probe  
  34  3:32  Gateway  
  35  3:38  Shield Battery  
  35  3:42  Probe  
  35  3:47  Stalker  
  38  3:51  Probe  
  38  3:54  Probe  
  40  4:00  Adept  
  42  4:03  Probe  
  42  4:06  Probe  
  44  4:11  Adept  
  44  4:15  Probe  
  47  4:18  Probe  
  48  4:24  Pylon  
  48  4:27  Probe  
  48  4:30  Probe  
  50  4:35  Stalker x2  
  54  4:43  Pylon  
  54  4:45  Robotics Facility  
  54  4:49  Probe x2  
  56  5:01  Probe x2  
  58  5:07  Nexus  
  58  5:24  Gateway  
  58  5:26  Gateway  
  56  5:29  Gateway x2  
  56  5:32  Gateway  
  56  5:34  Observer, Sentry x3  
  63  5:39  Pylon  
  63  5:40  Probe x2  
  65  5:47  Assimilator  
  65  5:59  Stalker x3, Shield Battery  
  71  6:09  Probe  
  71  6:10  Probe  
  73  6:11  Immortal (Chrono Boost)  
  77  6:18  Pylon  
  77  6:19  Probe  
  77  6:22  Probe x2  
  80  6:29  Stalker x2  
  80  6:31  Probe  
  85  6:39  Stalker x2  
  89  6:42  Stalker  
  91  6:47  Probe  
  91  6:48  Pylon  
  91  6:49  Probe  
  91  6:57  Charge (Chrono Boost)  
  91  6:59  Probe  
  91  7:00  Probe  
  92  7:01  Probe  
  92  7:03  Pylon  
  91  7:10  Observer  
  91  7:11  Gateway  
  91  7:12  Probe x2, Gateway  
  93  7:17  Stalker x2  
  95  7:24  Probe x2  
  95  7:28  Stalker  
  101  7:31  Stalker  
  101  7:36  Pylon  
  103  7:39  Pylon  
  103  7:43  Observer  
  99  7:45  Probe x3  
  99  7:49  Forge  
  100  7:57  Probe  
  100  7:58  Probe x2  
  103  8:04  Pylon  
  103  8:08  Zealot x2  
  107  8:14  Nexus  
  107  8:15  Protoss Ground Weapons Level 1 (Chrono Boost), Pylon  
  104  8:20  Probe  
  104  8:21  Probe x2, Zealot x2  
  108  8:33  Probe  
  109  8:36  Photon Cannon  
  109  8:37  Photon Cannon  
  109  8:39  Photon Cannon  
  109  8:40  Zealot x4  
  117  8:43  Zealot  
  119  8:49  Templar Archives, Probe x2  
  119  8:50  Probe  
  119  8:53  Warp Prism (Chrono Boost)  
  122  9:01  Probe x2  
  126  9:03  Probe  
  126  9:05  Zealot x2  
  131  9:19  Zealot x4  
  131  9:20  Zealot  
  131  9:22  Shield Battery  
  141  9:28  Zealot x4  
  121  9:41  Stalker x3  
  121  9:42  Stalker  
  120  9:46  Probe x2  
  120  9:47  Probe  
  120  9:49  Probe  
  124  9:54  Probe  
  124  9:55  Probe x2, High Templar x2, Zealot x3  
  124  9:59  Archon  
  137  10:01  Pylon, Probe  
  138  10:11  Zealot x4  
  146  10:17  Pylon, Protoss Ground Weapons Level 2 (Chrono Boost)  
  146  10:21  Photon Cannon  
  146  10:22  Shield Battery  
  146  10:23  Photon Cannon  
  146  10:26  Pylon  
  146  10:33  High Templar  
  146  10:34  Nexus  
  148  10:37  Photon Cannon  
  148  10:39  High Templar  
  150  10:44  Archon  
  150  10:45  Zealot x4  
  150  10:48  Shield Battery  
  156  11:02  Robotics Bay  
  156  11:03  Probe  
  156  11:04  Probe x2, Assimilator  
  147  11:06  Assimilator  
  147  11:07  Zealot  
  147  11:08  Zealot x5  
  157  11:17  Zealot x3  
  147  11:27  Probe x4  
  141  11:35  Zealot x6  
  141  11:37  Photon Cannon  
  141  11:38  Zealot x2  
  141  11:39  Zealot  
  155  11:46  Probe x2  
  149  11:47  Photon Cannon, Probe x3  
  149  11:49  Shield Battery  
  149  11:51  Disruptor (Chrono Boost)  
  152  12:00  Zealot x6  
  165  12:04  Zealot  
  167  12:11  Zealot x2  
  133  12:24  Stalker x3  
  133  12:25  Stalker x3  
  137  12:30  Disruptor (Chrono Boost)  
  140  12:39  Photon Cannon  
  140  12:41  Observer  
  140  12:47  Stalker  
  140  12:48  Stalker x4  
  140  12:49  Stalker x2  
  140  12:50  Stalker x2  
  158  12:57  Probe x3  
  143  13:08  Probe x2  
  143  13:09  Disruptor (Chrono Boost)  
  143  13:11  Assimilator  
  148  13:13  Gateway  
  148  13:15  Assimilator  
  148  13:16  Gateway, Zealot x5  
  158  13:21  Zealot x3  
  158  13:25  Zealot  
  166  13:31  Dark Shrine  
  166  13:34  Disruptor (Chrono Boost)  
  166  13:35  Robotics Facility  
  166  13:38  Zealot x2  
  166  13:39  Zealot x3  
  154  13:42  Zealot  
  154  13:43  Zealot x6  
  154  13:46  Zealot  
  154  13:47  Zealot  
  167  13:55  Nexus  
  159  14:02  Pylon  
  159  14:09  Zealot x7  
  168  14:11  Observer (Chrono Boost)  
  169  14:20  Zealot x4  
  152  14:34  Stalker x3  
  129  14:45  Stalker x2  
  129  14:46  Stalker x5  
  129  14:48  Stalker  
Show
View Real Time Build Order
Export as new Build Order

Astrea Protoss - Winner!

Build Orders: Phoenix Opening 

Get SALT Encoding   

  12  0:00  Probe  
  13  0:12  Probe  
  14  0:17  Pylon  
  14  0:24  Probe  
  15  0:36  Probe (Chrono Boost)  
  15  0:39  Gateway  
  16  0:45  Probe (Chrono Boost)  
  16  0:46  Assimilator  
  17  0:51  Probe (Chrono Boost)  
  18  1:03  Probe  
  19  1:15  Pylon, Probe (Chrono Boost)  
  19  1:17  Assimilator  
  20  1:24  Probe (Chrono Boost)  
  21  1:26  Cybernetics Core  
  21  1:29  Probe (Chrono Boost)  
  24  1:41  Probe  
  25  1:53  Probe  
  26  1:57  Nexus  
  24  2:03  Warp Gate  
  24  2:05  Probe  
  24  2:07  Sentry (Chrono Boost)  
  27  2:17  Probe  
  27  2:21  Pylon  
  28  2:24  Stalker (Chrono Boost)  
  31  2:30  Probe  
  31  2:35  Phoenix  
  31  2:38  Robotics Facility  
  31  2:44  Shield Battery  
  31  2:48  Probe  
  31  2:55  Stalker  
  33  3:00  Probe  
  33  3:05  Shield Battery  
  34  3:10  Probe  
  35  3:15  Probe  
  36  3:22  Probe  
  36  3:25  Immortal (Chrono Boost)  
  37  3:30  Probe  
  42  3:34  Probe  
  43  3:45  Probe (Chrono Boost)  
  43  3:46  Probe (Chrono Boost)  
  45  3:50  Twilight Council  
  47  3:56  Probe (Chrono Boost)  
  47  3:57  Observer  
  47  3:58  Probe (Chrono Boost)  
  47  3:59  Pylon  
  47  4:01  Probe (Chrono Boost)  
  48  4:03  Assimilator  
  48  4:06  Probe  
  50  4:10  Observer, Forge  
  50  4:13  Probe  
  51  4:18  Probe  
  51  4:20  Blink  
  51  4:21  Immortal  
  56  4:25  Probe  
  56  4:31  Probe  
  58  4:36  Protoss Ground Weapons Level 1 (Chrono Boost)  
  59  4:43  Probe  
  59  4:47  Gateway x2  
  59  4:59  Pylon  
  59  5:01  Warp Prism, Shield Battery  
  61  5:07  Pylon  
  61  5:15  Gateway  
  61  5:22  Probe  
  61  5:24  Probe  
  61  5:27  Sentry  
  65  5:30  Phoenix  
  65  5:33  Pylon  
  65  5:38  Observer  
  65  5:42  Probe x2  
  64  5:53  Shield Battery  
  64  5:54  Stalker x3  
  70  5:58  Nexus  
  70  6:02  Pylon, Probe x2  
  72  6:04  Dark Shrine  
  72  6:14  Probe x2  
  72  6:16  Shield Battery  
  74  6:20  Stalker x4  
  74  6:21  Protoss Ground Weapons Level 2 (Chrono Boost)  
  82  6:26  Pylon, Probe  
  82  6:29  Observer  
  84  6:39  Probe  
  85  6:41  Probe, Shield Battery  
  85  6:46  Stalker  
  85  6:47  Stalker  
  90  6:51  Probe  
  90  6:54  Probe  
  88  7:03  Probe  
  88  7:06  Probe  
  88  7:07  Gateway  
  90  7:09  Gateway  
  90  7:10  Charge (Chrono Boost)  
  90  7:11  Gateway  
  90  7:12  Probe  
  90  7:13  Gateway, Shield Battery  
  90  7:15  Probe  
  92  7:18  Probe  
  93  7:23  Dark Templar x2  
  93  7:24  Probe  
  93  7:27  Probe  
  99  7:30  Probe  
  99  7:31  Pylon  
  99  7:33  Pylon, Zealot x2  
  99  7:37  Assimilator  
  104  7:41  Pylon  
  102  7:53  Pylon  
  102  7:55  Pylon, Dark Templar  
  102  7:57  Zealot x3  
  110  8:06  Zealot x3  
  110  8:11  Protoss Ground Weapons Level 3 (Chrono Boost), Zealot  
  110  8:12  Nexus  
  118  8:26  Zealot x3  
  120  8:27  Zealot x3  
  120  8:28  Zealot  
  120  8:33  Pylon  
  128  8:39  Zealot  
  130  8:44  Assimilator  
  130  8:46  Shadow Stride (Chrono Boost)  
  130  8:48  Photon Cannon  
  131  8:50  Zealot x5  
  140  8:56  Zealot x2  
  144  9:03  Assimilator  
  142  9:10  Robotics Bay  
  140  9:19  Robotics Facility  
  140  9:20  Dark Templar  
  140  9:21  Zealot x6  
  154  9:30  Probe x2  
  146  9:35  Probe  
  146  9:38  Probe  
  126  9:42  Probe x2  
  123  9:47  Probe  
  123  9:48  Dark Templar x4  
  123  9:50  Probe  
  133  9:54  Probe  
  133  9:55  Probe  
  133  9:59  Probe  
  136  10:01  Photon Cannon, Shield Battery  
  136  10:02  Disruptor (Chrono Boost), Probe  
  136  10:03  Gravitic Boosters  
  136  10:06  Probe  
  136  10:07  Probe  
  142  10:10  Disruptor (Chrono Boost)  
  142  10:12  Probe  
  146  10:14  Probe  
  146  10:19  Probe x2  
  149  10:24  Pylon, Probe, Assimilator  
  149  10:26  Assimilator  
  153  10:28  Disruptor (Chrono Boost)  
  153  10:32  Disruptor  
  156  10:36  Pylon  
  156  10:42  Pylon  
  156  10:43  Photon Cannon  
  156  10:45  Photon Cannon  
  156  10:47  Photon Cannon  
  148  10:58  Pylon  
  148  11:01  Disruptor  
  151  11:07  Stalker x8  
  151  11:08  Disruptor  
  144  11:37  Stalker x8, Disruptor  
  155  11:44  Disruptor  
  156  11:56  Pylon  
  156  12:01  Nexus  
  156  12:02  Stalker x8, Protoss Ground Armor Level 1 (Chrono Boost)  
  172  12:13  Disruptor (Chrono Boost)  
  156  12:27  Disruptor (Chrono Boost)  
  156  12:30  Dark Templar x2  
  156  12:31  Zealot x5  
  156  12:34  Nexus  
  168  12:40  Zealot  
  168  12:43  Disruptor (Chrono Boost)  
  173  12:53  Nexus  
  173  12:55  Disruptor  
  170  13:08  Stalker x3, Zealot x5  
  186  13:15  Disruptor  
  186  13:17  Pylon  
  189  13:24  Pylon  
  189  13:25  Photon Cannon  
  179  13:50  Stalker x4  
  179  13:51  Stalker x4  
  179  13:53  Photon Cannon, Shield Battery  
  183  13:56  Pylon, Probe  
  183  13:57  Probe x4  
  181  14:10  Photon Cannon  
  181  14:13  Gateway x2, Zealot  
  181  14:14  Shield Battery, Zealot  
  168  14:53  Dark Templar x8  

Tags
 
Add a new tag
Caveats
  • Supply blocks, unpowered buildings, or Contaminate may cause inaccurate times.
  • Supply counts are checked every 10 seconds.